 Dungeon Crawl Stone Soup version 0.21.1-1-g345015f (webtiles) character file.

1189 goulibeur the Agent of Entropy (level 8, 0/62 HPs)
             Began as a Demonspawn Abyssal Knight on June 15, 2018.
             Was a Priest of Lugonu.
             Slain by a killer bee (4 damage)
             ... on level 6 of the Dungeon on June 17, 2018.
             The game lasted 00:30:31 (8728 turns).

goulibeur the Agent of Entropy (DsAK)               Turns: 8728, Time: 00:30:34

Health: 0/62       AC: 16    Str: 13    XL:     8   Next: 19%
Magic:  14/14      EV:  4    Int: 13    God:    Lugonu [***...]
Gold:   370        SH:  4    Dex: 15    Spells: 7/7 levels left

rFire    . . .     SeeInvis .   A - +2 spear (freeze)
rCold    . . .     Gourm    .   E - +0 buckler
rNeg     . . .     Faith    .   u - +0 plate armour
rPois    .         Spirit   .   I - +0 helmet
rElec    .         Reflect  .   (no cloak)
rCorr    +         Harm     .   (no gloves)
MR       .....                  (no boots)
Stlth    ..........             (no amulet)
HPRegen  0.20/turn              n - ring of resist corrosion
MPRegen  0.14/turn              (no ring)

@: lethally poisoned (0 -> -5)
A: hooves 2, molten scales 2, demonic guardian 1
a: Depart the Abyss, Bend Space, Banish, Renounce Religion


You were on level 6 of the Dungeon.
You worshipped Lugonu.
Lugonu was most pleased with you.
You were not hungry.

You visited 2 branches of the dungeon, and saw 8 of its levels.
You visited the Abyss 1 time.
You also visited: Sewer.

You collected 370 gold pieces.

Inventory:

Hand Weapons
 a - a +2 short sword
 t - a +1 mace of protection
 z - a -1 short sword
 A - a +2 spear of freezing (weapon)
Armour
 b - a +0 leather armour
 j - a scarf of cloud immunity
 k - a +0 scale mail
 u - a +0 plate armour (worn)
 y - a +0 cloak
 E - a +0 buckler (worn)
 I - a +0 helmet (worn)
Jewellery
 n - a ring of resist corrosion (left hand)
 D - a cursed ring of teleportation {unknown}
Wands
 C - a wand of paralysis (8)
 H - a wand of disintegration (6)
Scrolls
 d - a scroll of magic mapping
 e - a scroll of immolation
 g - 3 scrolls of enchant weapon
 h - 2 scrolls of fog {unknown}
 l - 6 scrolls of identify
 r - 4 scrolls of remove curse
 s - a scroll of fear {unknown}
 v - 3 scrolls of noise {unknown}
 w - a scroll of enchant armour {unknown}
Potions
 f - 4 potions of lignification {unknown}
 i - a potion of agility {unknown}
 m - 2 potions of mutation {unknown}
 o - 2 potions of degeneration {unknown}
 p - 4 potions of heal wounds
 q - a potion of brilliance {unknown}
 x - 2 potions of curing {unknown}
 B - a potion of magic {unknown}
 F - a potion of ambrosia {unknown}
Books
 G - a book of Flames

   Spells                             Type                      Level
   a - Flame Tongue                   Conjuration/Fire             1
   b - Throw Flame                    Conjuration/Fire             2
   c - Conjure Flame                  Conjuration/Fire             3
   d - Inner Flame                    Hexes/Fire                   3
   e - Sticky Flame                   Conjuration/Fire             4
   f - Fireball                       Conjuration/Fire             5
Comestibles
 c - 17 rations


   Skills:
 + Level 5.2 Fighting
 - Level 1.7 Short Blades
 + Level 4.3 Armour
 + Level 3.8 Dodging
 + Level 1.0 Shields
 * Level 8.4 Invocations


You had 7 spell levels left.
You didn't know any spells.

Dungeon Overview and Level Annotations

Branches:
Dungeon (7/15)             Temple (1/1) D:6

Altars:
Ashenzari
Cheibriados
Dithmenos
Gozag
Okawaru
Qazlal
Sif Muna
Uskayaw
Vehumet
Zin
The Shining One

Shops:
D:5 *

Annotations:
D:4 Hebeh's ghost, amateur DDFi; Sigmund


Innate Abilities, Weirdness & Mutations

You have hoof-like feet.
You are mostly covered in molten scales. (AC +3)
A weak demonic guardian rushes to your aid.


Message History

You block the killer bee's attack. The killer bee barely misses you.
Your white imp gestures at the killer bee.
The puff of frost hits the killer bee.
* * * LOW HITPOINT WARNING * * *
You feel sick.
The killer bee stings you but does no damage.
The killer bee closely misses your white imp.
Your white imp gestures at the killer bee.
The puff of frost hits the killer bee.
The killer bee dies!
Lugonu accepts your kill.
Your Shields skill increases to level 1!
You miss the killer bee.
* * * LOW HITPOINT WARNING * * *
You feel sick.
The killer bee stings you but does no damage.
Your quasit completely misses the killer bee.
Your quasit claws the killer bee but does no damage.
Your quasit misses the killer bee. The killer bee stings you.
You die...

##############
#.............
############'############
#..............#.........
#..............#..####...
###...5...5.....('...# #...
#........y@.....#########..
#.....########### ##>## #..
#.....# 8...8##.. #.....#
.....##.. #.....###########
.....8#..
#.....##........##.....##..
#...>...........##8...8##..
#...............##.....##..
#.....##........#8.....8#..


You could see a killer bee, a friendly quasit and a friendly white imp.

Vanquished Creatures
  Prince Ribbit (D:5)
  A bullfrog (Sewer)
  A gnoll sergeant (D:6)
  A scorpion (D:6)
  2 killer bees (D:7)
  A hound (D:6)
  An orc wizard (D:6)
  An iguana (D:5)
  Natasha (twice) (D:2)
  A worker ant (D:6)
  A hound skeleton (D:6)
  A worker ant zombie (D:5)
  2 gnolls (D:6)
  A howler monkey skeleton (D:5)
  10 adders
  4 oozes
  2 adder skeletons
  4 worms
  3 dart slugs
  4 leopard geckos
  13 orcs
  6 ball pythons
  9 giant cockroaches
  9 goblins
  6 hobgoblins
  5 quokkas
  4 bats
  11 frilled lizards
  7 kobolds
  6 rats
120 creatures vanquished.

Vanquished Creatures (collateral kills)
  Grinder (D:5)
  A phantom (D:5)
  A killer bee (D:6)
  A crimson imp (D:5)
  2 orc wizards
  3 orc priests
  A howler monkey zombie (D:5)
  A gnoll (D:6)
  An orc (D:5)
12 creatures vanquished.

Vanquished Creatures (others)
  An orc wizard (D:3)
1 creature vanquished.

Grand Total: 133 creatures vanquished

Notes
Turn   | Place    | Note
-------+----------+-------------------------------------------
     0 | Abyss:1  | goulibeur the Demonspawn Abyssal Knight began the quest for the Orb.
     0 | Abyss:1  | Reached XP level 1. HP: 18/18 MP: 2/2
    78 | Abyss:1  | Noticed a small abomination
    79 | D:1      | Escaped the Abyss
   102 | D:1      | Reached skill level 1 in Dodging
   316 | D:1      | Gained mutation: A weak demonic guardian rushes to your aid. [demonic ancestry]
   316 | D:1      | Reached XP level 2. HP: 23/24 MP: 4/4
   377 | D:1      | Reached * piety under Lugonu
   377 | D:1      | Reached skill level 3 in Invocations
   727 | D:1      | Reached XP level 3. HP: 29/29 MP: 5/5
  1252 | D:2      | Found a stormy altar of Qazlal.
  1329 | D:2      | Reached skill level 4 in Invocations
  1542 | D:2      | Found a glowing golden altar of the Shining One.
  1591 | D:2      | Gained mutation: You have large cloven feet. [demonic ancestry]
  1591 | D:2      | Reached XP level 4. HP: 7/35 MP: 7/7
  1613 | D:2      | HP: 1/35 [poisoned by an adder]
  1965 | D:2      | Noticed Natasha
  1966 | D:2      | Found an iron altar of Okawaru.
  1978 | D:2      | Killed Natasha
  2336 | D:2      | Found a faded altar of an unknown god.
  2380 | D:2      | Noticed an earth elemental
  2382 | D:2      | Noticed a water elemental
  2382 | D:2      | Noticed an air elemental
  2382 | D:2      | Noticed a fire elemental
  2465 | D:2      | Noticed Natasha
  2491 | D:2      | Killed Natasha
  2802 | D:2      | Gained mutation: You are partially covered in molten scales. (AC +2) [demonic ancestry]
  2802 | D:2      | Reached XP level 5. HP: 40/42 MP: 8/8
  2920 | D:3      | Found a glowing drain.
  2935 | D:3      | Reached ** piety under Lugonu
  2999 | D:3      | Reached skill level 5 in Invocations
  3245 | Sewer    | Entered a sewer
  4161 | D:3      | Reached XP level 6. HP: 32/48 MP: 10/10
  4737 | D:3      | Found an opulent altar of Gozag.
  5197 | D:4      | Noticed Hebeh's ghost (amateur DDFi)
  5708 | D:4      | Found a glowing silver altar of Zin.
  5733 | D:4      | Got a polished spear
  5819 | D:4      | Reached skill level 6 in Invocations
  5894 | D:4      | Noticed Sigmund
  5965 | D:5      | Entered Level 5 of the Dungeon
  5965 | D:5      | Found Wublil's Assorted Antiques.
  6041 | D:5      | Found a radiant altar of Vehumet.
  6069 | D:5      | Noticed Prince Ribbit
  6150 | D:5      | Reached *** piety under Lugonu
  6351 | D:5      | Noticed Grinder
  6354 | D:5      | Paralysed by Grinder for 3 turns
  6367 | D:5      | Killed Grinder
  6367 | D:5      | Gained mutation: You have hoof-like feet. [demonic ancestry]
  6367 | D:5      | Reached XP level 7. HP: 43/55 MP: 10/12
  6479 | D:5      | Found a snail-covered altar of Cheibriados.
  6503 | D:5      | Killed Prince Ribbit
  6503 | D:5      | Reached skill level 7 in Invocations
  7193 | D:5      | Found a shadowy altar of Dithmenos.
  7488 | D:6      | Found a staircase to the Ecumenical Temple.
  7693 | D:6      | Reached skill level 5 in Fighting
  7758 | Temple   | Entered the Ecumenical Temple
  8316 | D:6      | Reached skill level 8 in Invocations
  8391 | D:6      | Gained mutation: You are mostly covered in molten scales. (AC +3) [demonic ancestry]
  8391 | D:6      | Reached XP level 8. HP: 59/62 MP: 14/14
  8470 | D:6      | Found a hide-covered altar of Uskayaw.
  8657 | D:7      | Found a deep blue altar of Sif Muna.
  8727 | D:6      | Reached skill level 1 in Shields
  8728 | D:6      | Slain by a killer bee

Skill      XL: |  1  2  3  4  5  6  7  8 |
---------------+-------------------------+-----
Dodging        | 1 2 3 |  3.8
Armour         | 2 3 4 |  4.3
Invocations    | 3 4 5 6 8 |  8.4
Fighting       | 4 5 |  5.2
Shields        | 1 |  1.0
Short Blades   | |  1.7

Action                   |  1- 3 |  4- 6 |  7- 9 || total
-------------------------+-------+-------+-------++-------
Melee: Short sword       |   169 |   315 |       ||   484
       Kick              |       |    90 |    37 ||   127
       Mace              |       |    21 |     5 ||    26
       Spear             |       |       |   132 ||   132
Invok: Depart the Abyss  |     1 |       |       ||     1
  Use: Scroll            |       |     5 |       ||     5
 Stab: Distracted        |       |     1 |       ||     1
  Eat: Chunk             |     2 |    13 |     4 ||    19
       Ration            |       |     1 |     1 ||     2
Armor: Leather armour    |     4 |       |       ||     4
       Scale mail        |    64 |    77 |       ||   141
       Plate armour      |       |   113 |   108 ||   221
Dodge: Dodged            |    68 |    82 |    32 ||   182
Block: Buckler           |       |       |    15 ||    15
